 Dungeon Crawl Stone Soup version 0.29.1-12-g30fa7ad0bf (webtiles) character file.

Game seed: 5469116320592770939

116 Oxelix the Grave Robber (level 4, -3/24 HPs)
             Began as a Deep Elf Necromancer on Jan 4, 2023.
             Killed by divine providence
             ... invoked by an orc priest
              (13 damage)
             ... on level 3 of the Dungeon.
             The game lasted 00:08:59 (2283 turns).

Oxelix the Grave Robber (Deep Elf Necromancer)      Turns: 2283, Time: 00:09:00

Health: -3/24      AC:  2    Str:  5    XL:     4   Next: 70%
Magic:  1/13       EV: 12    Int: 22    God:
Gold:   70         SH:  0    Dex: 15    Spells: 5/13 levels left

rFire   . . .      SeeInvis +   f - +0 dagger
rCold   . . .      Faith    .   (no shield)
rNeg    . . .      Spirit   .   a - +0 robe
rPois   .          Reflect  .   (no helmet)
rElec   .          Harm     .   (no cloak)
rCorr   .          Rampage  .   (no gloves)
Will    .....                   (no boots)
Stlth   ++........              g - amulet of regeneration
HPRegen 0.88/turn               m - ring of see invisible
MPRegen 0.13/turn               (no ring)

@: animating dead (expiring)
A: no striking features
a: no special abilities


You were on level 3 of the Dungeon.
You visited 1 branch of the dungeon, and saw 3 of its levels.

You collected 70 gold pieces.

Inventory:

Hand Weapons
 f - a +0 dagger (weapon)
Armour
 a - a +0 robe (worn)
Jewellery
 g - an amulet of regeneration (around neck)
 m - a ring of see invisible (left hand)
Scrolls
 d - 2 scrolls of magic mapping {unknown}
 e - 2 scrolls of identify {unknown}
 i - a scroll of amnesia {unknown}
 k - 2 scrolls of teleportation {unknown}
 l - a scroll of enchant weapon {unknown}
Potions
 b - a potion of magic
 c - a potion of berserk rage {unknown}
 h - a potion of curing {unknown}
 j - a potion of degeneration {unknown}


   Skills:
 - Level 2.4 Dodging
 - Level 2.4 Stealth
 + Level 5.2 Spellcasting
 + Level 6.2 Necromancy


You had 5 spell levels left.
You knew the following spells:

 Your Spells              Type           Power      Damage    Failure   Level
a - Necrotise             Necr           100%       1d9       1%          1
b - Vampiric Draining     Necr           33%        2d8       2%          3
c - Animate Dead          Necr           33%        N/A       8%          4

Your spell library contained the following spells:

 Spells                   Type           Power      Damage    Failure   Level
 Shock                    Conj/Air       20%        1d4       10%         1
 Agony                    Necr           33%        N/A       22%         5
 Swiftness                Air            5%         N/A       30%         3
 Airstrike                Air            2%         2d(1-17)  69%         4


Dungeon Overview and Level Annotations

Branches:
Dungeon (3/15)

Altars:
Xom


Message History

Okay, then.
The orc hits your orc skeleton with a +0 flail.
Your orc skeleton hits the orc.
The orc hits your orc skeleton with a +0 flail.
Your orc skeleton hits the orc but does no damage.
The orc hits your orc skeleton with a +0 flail.
The orc priest hits your orc skeleton with a +0 whip.
Your orc skeleton is destroyed!
Casting: Necrotise (safe; 1% risk of failure)
Confirm with . or Enter, or press ? or * to list all spells.
Aiming: Vampiric Draining (dangerous; 2% risk of failure)
Press: ? - help, Shift-Dir - straight line, f/p - orc
Aim: an orc, wielding a +0 flail and wearing a +0 leather armour (moderately wounded)
You draw life force from the orc!
You kill the orc!
The dead are walking!
Casting: Vampiric Draining (dangerous; 2% risk of failure)
Confirm with . or Enter, or press ? or * to list all spells.
You don't have enough magic to cast this spell.
You barely miss the orc priest.
The orc priest mumbles some strange prayers to Beogh against you.
Pain shoots through your body!
Ouch! That really hurt!
The orc priest hits you with a +0 whip.
Casting: Vampiric Draining (dangerous; 2% risk of failure)
Confirm with . or Enter, or press ? or * to list all spells.
Aiming: Necrotise (safe; 1% risk of failure)
Press: ? - help, Shift-Dir - straight line, f - orc priest
Aim: an orc priest, wielding a +0 whip (ally target, chance to affect: 83%)
The orc priest barely resists.
The orc priest hits you with a +0 whip.
* * * LOW HITPOINT WARNING * * *
Your orc zombie closely misses the orc priest.
Your orc zombie hits the orc priest.
Your reaping aura is weakening.
The orc priest attacks as you move away!
The orc priest hits you with a +0 whip.
The orc priest calls down the wrath of Beogh upon you.
Beogh smites you!
Ouch! That really hurt!
You die...

####..#.#.#.#...#.#.#.#..#.#
..'.##...#...#...#...#>.#.#
####.##.#.#.#...#.#.#.#.....
. #..#...##.##...#....#.# .
..#.#Z#.......#.#.#..#.#
#..###...##.###.##...#.....
#. #.#.o.........#.##.#.# .
#..##.###.###.##..#.#.#
##....@..........#....#
##.###.###.###.##.#.## #.
.......###.###.## #
#######.....# ### #######


You could see an orc priest (ally target) and a friendly orc zombie.

Vanquished Creatures
  3 gnolls
  2 adders (D:2)
  A worm (D:2)
  A dart slug (D:3)
  4 orcs (D:3)
  4 ball pythons
  7 bats
  6 endoplasms
  4 giant cockroaches
  2 goblins (D:1)
  7 hobgoblins
  8 kobolds
  A frilled lizard (D:1)
  5 rats
55 creatures vanquished.

Vanquished Creatures (collateral kills)
  2 goblins (D:1)
  A frilled lizard (D:1)
3 creatures vanquished.

Vanquished Creatures (others)
  A kobold zombie (D:3)
  2 orc zombies (D:3)
  7 plants (D:2)
10 creatures vanquished.

Grand Total: 68 creatures vanquished

Notes
Turn   | Place    | Note
-------+----------+-------------------------------------------
     0 | D:1      | Oxelix the Deep Elf Necromancer began the quest for the
                  | Orb.
     0 | D:1      | Reached XP level 1. HP: 10/10 MP: 6/6
   112 | D:1      | Reached skill level 5 in Necromancy
   139 | D:1      | Reached XP level 2. HP: 15/15 MP: 1/8
   691 | D:1      | Reached XP level 3. HP: 19/19 MP: 6/10
  1416 | D:2      | Reached XP level 4. HP: 24/24 MP: 7/12
  1490 | D:2      | Found a shimmering altar of Xom.
  1597 | D:2      | Reached skill level 6 in Necromancy
  1636 | D:2      | Reached skill level 5 in Spellcasting
  1668 | D:2      | Found a faded altar of an unknown god.
  1759 | D:2      | Learned a level 3 spell: Vampiric Draining
  1764 | D:2      | Learned a level 4 spell: Animate Dead
  2283 | D:3      | Killed from afar by an orc priest

Illustrated notes

Levels and vault maps discovered:
D:1:      elethiomel_arrival_shortcut, layout_rooms,
          corexii_item_surrounded_by_moat
D:2:      layout_rooms, chequers_ecumenical_altar_lobes, basic_altar,
          hangedman_decor_riveting
D:3:      layout_loops_ring, mainiacjoe_overflow_surrounded_room,
          grunt_temple_overflow_diamond, overflow_temple_1_default,
          nicolae_concentric_dashed_squares_mild

Skill      XL: |  1  2  3  4 |
---------------+-------------+-----
Necromancy     | 5 6 |  6.2
Spellcasting   | 4 5 |  5.2
Dodging        | |  2.4
Stealth        | |  2.4

Action                   |  1- 3 |  4- 6 || total
-------------------------+-------+-------++-------
Melee: Unarmed           |     5 |       ||     5
       Dagger            |       |    12 ||    12
       Punch             |       |     1 ||     1
 Cast: Necrotise         |    74 |    33 ||   107
       Animate Dead      |       |     3 ||     3
       Vampiric Draining |       |     1 ||     1
Armor: Robe              |     4 |     6 ||    10
Dodge: Dodged            |     6 |    26 ||    32
